WCHLSIM.com - West Coast Hockey League
html PUBLIC "-//W3C//DTD XHTML 1.0 Transitional//EN" "http://www.w3.org/TR/xhtml1/DTD/xhtml1-transitional.dtd"> WCHL - Game 269 - KANSAS CITY KILLERBEES vs SALEM BLACK JAYS

KANSAS CITY KILLERBEES vs SALEM BLACK JAYS

Created - 12 novembre 2019 at 17:15

Goals
1 2 3 T
KANSAS CITY KILLERBEES 0 1 0 1
SALEM BLACK JAYS 0 0 2 2
Shots
1 2 3 T
KANSAS CITY KILLERBEES 4 3 10 17
SALEM BLACK JAYS 14 8 9 31

1st period

No Goal

Penalties :
Dylan Larkin (SAL) for Holding (Minor) at 0:18, Cam Fowler (KCK) for Hooking (Minor) at 0:18, Dylan DeMelo (KCK) for Hooking (Minor) at 16:10, Calvin De Haan (KCK) for Interference (Minor) at 19:59

2nd period

1. KANSAS CITY KILLERBEES , Peter Cehlarik 2 (Charlie Coyle 11, Cam Fowler 7) at 7:36

Penalties :
Kyle Clifford (SAL) for Holding (Minor) at 12:54

3rd period

2. SALEM BLACK JAYS , Mitchell Marner 11 (Mikko Rantanen 7, Dylan Larkin 8) at 5:36
3. SALEM BLACK JAYS , Mitchell Marner 12 (Par Lindholm 6, Dylan Larkin 9) at 8:01 (PP)

Penalties :
Mathew Barzal (SAL) for Interference (Minor) at 5:46, Charlie Coyle (KCK) for Hooking (Minor) at 6:54, Michal Kempny (SAL) for Tripping (Minor) at 10:39, Jan Rutta (KCK) for Cross-checking (Minor) at 18:38

Goalie Stats

John Gibson (KCK), 29 saves from 31 shots - (0,935), L, 6-5-4, 60:00 minutes
Mike Smith (SAL), 16 saves from 17 shots - (0,941), W, 8-3-1, 60:00 minutes

Players Stats for KANSAS CITY KILLERBEES

Player Name              G  A  P  +/- PIM S  H  SB GA TA FO     MP     PP MP  PK MP  
------------------------------------------------------------------------------------
Alexander DeBrincat      0  0  0   0  0   3  0  0  0  0  0/3    18:21   2:43   0:00 
Artturi Lehkonen         0  0  0  -1  0   1  0  0  0  0  0/1    18:24   0:00   3:38 
Calvin De Haan           0  0  0   0  2   0  1  4  0  0  0/0    18:59   0:00   2:05 
Cam Fowler               0  1  1   0  2   0  0  1  0  0  0/0    20:50   2:18   2:39 
Charlie Coyle            0  1  1   1  2   2  0  0  0  0  10/12  16:26   2:22   1:57 
Colin Miller             0  0  0   0  0   0  1  1  0  0  0/0    21:28   2:48   0:58 
Denis Malgin             0  0  0  -1  0   0  0  0  0  0  0/1    14:46   0:00   0:00 
Dylan DeMelo             0  0  0   0  2   0  0  3  0  0  0/0    20:05   2:18   2:19 
Greg McKegg              0  0  0   0  0   0  0  0  0  0  0/0     4:58   0:00   0:00 
Jacob de la Rose         0  0  0   0  0   0  0  0  0  0  0/0     4:58   0:00   0:00 
Jacob Muzzin             0  0  0   0  0   0  1  0  0  0  0/0    23:06   2:48   3:09 
Jan Rutta                0  0  0   0  2   0  1  0  0  0  0/0    15:28   0:00   0:00 
Mark Stone               0  0  0   0  0   1  1  1  0  0  0/0    19:11   2:43   0:00 
Mattias Janmark          0  0  0   1  0   0  0  0  0  0  0/1    12:07   0:00   0:00 
Paul Stastny             0  0  0   0  0   4  2  0  0  0  18/26  19:11   2:43   0:00 
Peter Cehlarik           1  0  1   1  0   2  0  0  0  0  1/1    16:27   2:23   1:57 
Ryan Kesler              0  0  0   0  0   1  0  1  0  0  9/10    8:36   0:00   3:38 
Sean Couturier           0  0  0  -1  0   3  0  0  0  0  12/23  18:09   2:23   0:00 

Players Stats for SALEM BLACK JAYS

Player Name              G  A  P  +/- PIM S  H  SB GA TA FO     MP     PP MP  PK MP  
------------------------------------------------------------------------------------
Adam Larsson             0  0  0   1  0   0  1  1  0  0  0/0    18:59   0:00   2:23 
Anthony DeAngelo         0  0  0   0  0   0  1  0  0  0  0/0     5:19   2:41   0:00 
Casey Cizikas            0  0  0   0  0   2  1  0  0  0  7/13   12:19   2:23   3:04 
Cody Ceci                0  0  0   0  0   1  1  0  0  0  0/0    19:59   0:00   2:43 
Dylan Larkin             0  2  2   0  2   3  5  0  0  0  1/1    18:35   3:12   0:00 
Filip Chytil             0  0  0   0  0   1  0  0  0  0  3/11   11:09   0:00   0:00 
Jason Demers             0  0  0  -1  0   1  3  0  0  0  0/0    12:49   0:00   0:00 
Jimmy Schuldt            0  0  0   0  0   0  0  0  0  0  0/0     0:00   0:00   0:00 
Joshua Morrissey         0  0  0   0  0   3  2  0  0  0  0/0    25:31   2:54   2:43 
Kyle Clifford            0  0  0   0  2   0  0  0  0  0  0/0    11:08   0:00   0:00 
Mathew Barzal            0  0  0   0  2   3  1  0  0  0  0/0    14:16   0:00   0:00 
Matthew Calvert          0  0  0   0  0   1  2  0  0  0  7/14   14:17   0:00   0:00 
Michal Kempny            0  0  0  -1  2   1  0  0  0  0  0/0    15:42   2:54   0:00 
Mikko Rantanen           0  1  1   0  0   5  2  0  0  0  6/25   25:28   2:23   2:02 
Mitchell Marner          2  0  2   0  0   5  1  0  0  0  1/6    23:17   3:12   3:04 
Par Lindholm             0  1  1   0  0   2  0  0  0  0  2/6    21:05   3:12   1:59 
Scott Mayfield           0  0  0   1  0   0  0  0  0  0  0/0    21:40   2:41   2:23 
Trevor Lewis             0  0  0   0  0   3  1  0  0  0  1/2    20:27   2:23   0:03 

3 Stars

1 - Mitchell Marner (SAL)
2 - Dylan Larkin (SAL)
3 - Peter Cehlarik (KCK)

Power Play

KANSAS CITY KILLERBEES - 0 on 3 Attempt(s) - 0,00%
SALEM BLACK JAYS - 1 on 4 Attempt(s) - 25,00%

Penalty Kill

KANSAS CITY KILLERBEES - 3 on 4 Attempt(s) - 75,00% - Score 0 goal in Penalty Kill
SALEM BLACK JAYS - 3 on 3 Attempt(s) - 100,00% - Score 0 goal in Penalty Kill

Team Stat

KANSAS CITY KILLERBEES - Hits : 7 - Faceoff Wins : 50 - Blocked Shots : 11 - Penalty Minutes : 10
SALEM BLACK JAYS - Hits : 21 - Faceoff Wins : 28 - Blocked Shots : 1 - Penalty Minutes : 8

Official

Referees : Mark Lemelin and Kendrick Nicholson
Linesman : Leo Boylan and Ryan Gibbons

Game Notes

No Game Note

Finance

Level 1 -- Attendance: 6000 (100,00%) -- Ticket Income 660 000 $
Level 2 -- Attendance: 4955 (99,10%) -- Ticket Income 346 850 $
Level 3 -- Attendance: 2000 (100,00%) -- Ticket Income 90 000 $
Level 4 -- Attendance: 4000 (100,00%) -- Ticket Income 140 000 $
Luxury Box -- Attendance: 1000 (100,00%) -- Ticket Income 210 000 $
Game was played at the Demon Arena.
Total Attendance: 17955 (99,75%)
Total Ticket Income: 1 446 850 $
Other Income: 434 055 $
Total Income: 1 880 905 $

KANSAS CITY KILLERBEES

5 vs 5 Forward 
   Center                   Left Wing                Right Wing               Time % Phy DF OF 
 1 Paul Stastny             Alexander DeBrincat      Mark Stone               33     1   2  2  
 2 Sean Couturier           Artturi Lehkonen         Denis Malgin             32     1   2  2  
 3 Charlie Coyle            Peter Cehlarik           Mattias Janmark          27     1   2  2  
 4 Ryan Kesler              Jacob de la Rose         Greg McKegg              8      1   2  2  

5 vs 5 Defense 
   Defense                  Defense                                           Time % Phy DF OF 
 1 Jacob Muzzin             Cam Fowler                                        33     1   2  2  
 2 Dylan DeMelo             Calvin De Haan                                    33     1   2  2  
 3 Jan Rutta                Colin Miller                                      33     1   2  2  
 4 Colin Miller             Cam Fowler                                        1      1   2  2  

PowerPlay Forward 
   Center                   Left Wing                Right Wing               Time % Phy DF OF 
 1 Paul Stastny             Alexander DeBrincat      Mark Stone               55     1   2  2  
 2 Sean Couturier           Peter Cehlarik           Charlie Coyle            45     1   2  2  

PowerPlay Defense
   Defense                  Defense                                           Time % Phy DF OF 
 1 Colin Miller             Jacob Muzzin                                      50     1   2  2  
 2 Dylan DeMelo             Cam Fowler                                        50     1   2  2  

Penalty Kill 4 Players Forward 
   Center                   Wing                     Time % Phy DF OF 
 1 Ryan Kesler              Artturi Lehkonen         55     1   2  2  
 2 Charlie Coyle            Peter Cehlarik           45     1   2  2  

Penalty Kill 4 Players Defense
   Defense                  Defense                  Time % Phy DF OF 
 1 Jacob Muzzin             Cam Fowler               50     1   2  2  
 2 Dylan DeMelo             Calvin De Haan           50     1   2  2  

Penalty Kill - 3 Players Forward 
   Forward                                           Time % Phy DF OF 
 1 Artturi Lehkonen                                  55     1   2  2  
 2 Charlie Coyle                                     45     1   2  2  

Penalty Kill - 3 Players Defense
   Defense                  Defense                  Time % Phy DF OF 
 1 Dylan DeMelo             Jacob Muzzin             50     1   2  2  
 2 Calvin De Haan           Colin Miller             50     1   2  2  

4 vs 4 Forward 
   Center                   Wing                     Time % Phy DF OF 
 1 Paul Stastny             Mark Stone               55     1   2  2  
 2 Sean Couturier           Alexander DeBrincat      45     1   2  2  

4 vs 4 Defense
   Defense                  Defense                  Time % Phy DF OF 
 1 Cam Fowler               Jacob Muzzin             50     1   2  2  
 2 Colin Miller             Calvin De Haan           50     1   2  2  

Last Minutes Offensive
   Center                   Left Wing                Right Wing               Defense                  Defense                  
   Paul Stastny             Alexander DeBrincat      Mark Stone               Colin Miller             Cam Fowler               

Last Minutes Defensive
   Center                   Left Wing                Right Wing               Defense                  Defense                  
   Sean Couturier           Artturi Lehkonen         Mark Stone               Jacob Muzzin             Dylan DeMelo             

Goaltenders
Starting : John Gibson              
Backup : Jonathan Bernier         

Extra Forwards
Normal : Sean Couturier, Paul Stastny, Alexander DeBrincat - PP : Mark Stone, Alexander DeBrincat - PK : Sean Couturier
Extra Defensemen
Normal : Cam Fowler, Calvin De Haan, Colin Miller - PP : Colin Miller - PK : Jacob Muzzin, Dylan DeMelo
Penalty Shots
Paul Stastny, Alexander DeBrincat, Mark Stone, Sean Couturier, Charlie Coyle
Custom OT Lines Forwards
Greg McKegg, Paul Stastny, Sean Couturier, Mark Stone, Mattias Janmark, Alexander DeBrincat, Ryan Kesler, Charlie Coyle, Artturi Lehkonen, Denis Malgin
Custom OT Lines Defensemen
Cam Fowler, Jacob Muzzin, Colin Miller, Dylan DeMelo, Calvin De Haan

Scratches
Kyle Brodziak (Healthy), Hunter Shinkaruk (Healthy), Joseph LaBate (Healthy), Nikita Korostelev (Healthy), Eric Cornel (Healthy)
Hunter Warner (Healthy), Hampus Lindholm (Fractured Orbital Bone Injury), Reece Scarlett (Healthy), William Nylander (Sports Hernia Injury), Steven Spinner (Healthy)

SALEM BLACK JAYS

5 vs 5 Forward 
   Center                   Left Wing                Right Wing               Time % Phy DF OF 
 1 Mikko Rantanen           Dylan Larkin             Mitchell Marner          36     0   1  4  
 2 Matthew Calvert          Par Lindholm             Mathew Barzal            31     0   1  4  
 3 Casey Cizikas            Trevor Lewis             Mikko Rantanen           23     1   2  2  
 4 Filip Chytil             Kyle Clifford            Trevor Lewis             10     1   3  1  

5 vs 5 Defense 
   Defense                  Defense                                           Time % Phy DF OF 
 1 Cody Ceci                Joshua Morrissey                                  36     1   2  2  
 2 Adam Larsson             Scott Mayfield                                    31     1   2  2  
 3 Jason Demers             Michal Kempny                                     23     1   2  2  
 4 Joshua Morrissey         Anthony DeAngelo                                  10     1   2  2  

PowerPlay Forward 
   Center                   Left Wing                Right Wing               Time % Phy DF OF 
 1 Mikko Rantanen           Trevor Lewis             Casey Cizikas            55     1   2  2  
 2 Mitchell Marner          Par Lindholm             Dylan Larkin             45     1   2  2  

PowerPlay Defense
   Defense                  Defense                                           Time % Phy DF OF 
 1 Joshua Morrissey         Michal Kempny                                     55     1   2  2  
 2 Scott Mayfield           Anthony DeAngelo                                  45     1   2  2  

Penalty Kill 4 Players Forward 
   Center                   Wing                     Time % Phy DF OF 
 1 Casey Cizikas            Mitchell Marner          55     1   2  2  
 2 Mikko Rantanen           Par Lindholm             45     1   2  2  

Penalty Kill 4 Players Defense
   Defense                  Defense                  Time % Phy DF OF 
 1 Joshua Morrissey         Cody Ceci                55     1   2  2  
 2 Scott Mayfield           Adam Larsson             45     1   2  2  

Penalty Kill - 3 Players Forward 
   Forward                                           Time % Phy DF OF 
 1 Mitchell Marner                                   55     1   2  2  
 2 Casey Cizikas                                     45     1   2  2  

Penalty Kill - 3 Players Defense
   Defense                  Defense                  Time % Phy DF OF 
 1 Joshua Morrissey         Cody Ceci                55     1   2  2  
 2 Scott Mayfield           Adam Larsson             45     1   2  2  

4 vs 4 Forward 
   Center                   Wing                     Time % Phy DF OF 
 1 Par Lindholm             Mitchell Marner          55     1   2  2  
 2 Trevor Lewis             Casey Cizikas            45     1   2  2  

4 vs 4 Defense
   Defense                  Defense                  Time % Phy DF OF 
 1 Cody Ceci                Joshua Morrissey         55     1   2  2  
 2 Scott Mayfield           Adam Larsson             45     1   2  2  

Last Minutes Offensive
   Center                   Left Wing                Right Wing               Defense                  Defense                  
   Mikko Rantanen           Dylan Larkin             Mitchell Marner          Joshua Morrissey         Anthony DeAngelo         

Last Minutes Defensive
   Center                   Left Wing                Right Wing               Defense                  Defense                  
   Mikko Rantanen           Dylan Larkin             Mitchell Marner          Joshua Morrissey         Anthony DeAngelo         

Goaltenders
Starting : Mike Smith               
Backup : Juuse Saros              

Extra Forwards
Normal : Mitchell Marner, Par Lindholm, Casey Cizikas - PP : Mitchell Marner, Casey Cizikas - PK : Casey Cizikas
Extra Defensemen
Normal : Adam Larsson, Joshua Morrissey, Michal Kempny - PP : Adam Larsson - PK : Scott Mayfield, Adam Larsson
Penalty Shots
Mikko Rantanen, Dylan Larkin, Par Lindholm, Mitchell Marner, Casey Cizikas
Custom OT Lines Forwards
Mitchell Marner, Mikko Rantanen, Mathew Barzal, Dylan Larkin, Casey Cizikas, Matthew Calvert, Filip Chytil, Par Lindholm, Kyle Clifford, Trevor Lewis
Custom OT Lines Defensemen
Cody Ceci, Joshua Morrissey, Michal Kempny, Scott Mayfield, Adam Larsson

Scratches
Andrew Welinski (Healthy), Zach Bogosian (Back Injury), Calle Rosen (Healthy), Brett Ritchie (Healthy), Curtis Lazar (Healthy)
Devante Stephens (Healthy), Kevin Gravel (Healthy), Nicolas Kerdiles (Healthy), Scott Kosmachuk (Healthy), Spencer Foo (Healthy)
Tobias Rieder (Healthy), Harri Sateri (Healthy)

% Time on Ice - KANSAS CITY KILLERBEES

Lines # - Real PCT - Wanted PCT - Time Play
Normal Forward
1 - 31% - 33% - 14:38
2 - 32% - 32% - 14:46
3 - 26% - 27% - 12:07
4 - 11% - 8% - 4:58
Normal Defense
1 - 33% - 33% - 15:08
2 - 33% - 33% - 15:29
3 - 33% - 33% - 15:29
4 - 1% - 1% - 0:23
PP Forward
1 - 53% - 55% - 2:43
2 - 47% - 45% - 2:23
PP Defense
1 - 55% - 50% - 2:48
2 - 45% - 50% - 2:18
PK Forward
1 - 65% - 55% - 3:38
2 - 35% - 45% - 1:57
PK Defense
1 - 27% - 50% - 1:30
2 - 73% - 50% - 4:05
PK3 Forward
1 - 0% - 55%
2 - 0% - 45%
PK3 Defense
1 - 0% - 50%
2 - 0% - 50%
44 Forward
1 - 65% - 55% - 1:50
2 - 35% - 45% - 1:00
44 Defense
1 - 71% - 50% - 2:01
2 - 29% - 50% - 0:49
Last Minute Offensive  - 0:00
Last Minute Defensive  - 0:00
Total
Forward - 60:00
Defense - 60:00

% Time on Ice - SALEM BLACK JAYS

Lines # - Real PCT - Wanted PCT - Time Play
Normal Forward
1 - 33% - 36% - 15:24
2 - 31% - 31% - 14:17
3 - 12% - 23% - 5:39
4 - 24% - 10% - 11:09
Normal Defense
1 - 35% - 36% - 16:03
2 - 32% - 31% - 14:59
3 - 28% - 23% - 12:49
4 - 6% - 10% - 2:38
PP Forward
1 - 43% - 55% - 2:23
2 - 57% - 45% - 3:12
PP Defense
1 - 52% - 55% - 2:54
2 - 48% - 45% - 2:41
PK Forward
1 - 60% - 55% - 3:04
2 - 40% - 45% - 2:02
PK Defense
1 - 53% - 55% - 2:43
2 - 47% - 45% - 2:23
PK3 Forward
1 - 0% - 55%
2 - 0% - 45%
PK3 Defense
1 - 0% - 55%
2 - 0% - 45%
44 Forward
1 - 57% - 55% - 1:37
2 - 43% - 45% - 1:13
44 Defense
1 - 43% - 55% - 1:13
2 - 57% - 45% - 1:37
Last Minute Offensive  - 0:00
Last Minute Defensive  - 0:00
Total
Forward - 60:00
Defense - 60:00

Play-by-Play

1st period


0:01 of 1st period - Paul Stastny wins face-off versus Mikko Rantanen in neutral zone.
0:18 of 1st period - Minor Penalty to Dylan Larkin for Holding.
0:18 of 1st period - Minor Penalty to Cam Fowler for Hooking.
0:19 of 1st period - Paul Stastny wins face-off versus Par Lindholm in KANSAS CITY KILLERBEES zone.
0:39 of 1st period - Off-side.
0:40 of 1st period - Sean Couturier wins face-off versus Trevor Lewis in neutral zone.
0:49 of 1st period - Shot by Sean Couturier.
0:49 of 1st period - Shot Misses the Net.
1:12 of 1st period - Shot by Casey Cizikas.
1:12 of 1st period - Shot Misses the Net.
1:14 of 1st period - Shot by Cody Ceci.
1:14 of 1st period - Shot Hit the Post.
1:16 of 1st period - Shot by Cody Ceci.
1:16 of 1st period - Stopped by John Gibson without a rebound.
1:17 of 1st period - Par Lindholm wins face-off versus Paul Stastny in KANSAS CITY KILLERBEES zone.
1:18 of 1st period - Shot by Mitchell Marner.
1:18 of 1st period - Shot Misses the Net.
1:25 of 1st period - Shot by Par Lindholm.
1:25 of 1st period - Stopped by John Gibson with a rebound.
1:31 of 1st period - Shot by Mitchell Marner.
1:31 of 1st period - Shot Misses the Net.
1:33 of 1st period - Shot by Mitchell Marner.
1:33 of 1st period - Shot Misses the Net.
1:35 of 1st period - Shot by Mitchell Marner.
1:35 of 1st period - Shot Misses the Net.
1:37 of 1st period - Shot by Mitchell Marner.
1:37 of 1st period - Shot Blocked by Colin Miller.
2:22 of 1st period - Icing by Trevor Lewis.
2:23 of 1st period - Sean Couturier wins face-off versus Filip Chytil in SALEM BLACK JAYS zone.
2:25 of 1st period - Artturi Lehkonen is hit by Jason Demers and loses puck.
2:32 of 1st period - Shot by Filip Chytil.
2:32 of 1st period - Shot Blocked by Dylan DeMelo.
2:34 of 1st period - Shot by Jason Demers.
2:34 of 1st period - Stopped by John Gibson with a rebound.
2:36 of 1st period - Shot by Trevor Lewis.
2:36 of 1st period - Shot Misses the Net.
3:26 of 1st period - Shot by Dylan Larkin.
3:26 of 1st period - Shot Blocked by Calvin De Haan.
4:04 of 1st period - Mattias Janmark is hit by Cody Ceci and loses puck.
4:22 of 1st period - Mattias Janmark is hit by Joshua Morrissey and loses puck.
5:02 of 1st period - Par Lindholm is hit by Jan Rutta and loses puck.
6:06 of 1st period - Shot by Alexander DeBrincat.
6:06 of 1st period - Stopped by Mike Smith without a rebound.
6:07 of 1st period - Ryan Kesler wins face-off versus Matthew Calvert in SALEM BLACK JAYS zone.
7:19 of 1st period - Shot by Dylan Larkin.
7:19 of 1st period - Stopped by John Gibson without a rebound.
7:20 of 1st period - Casey Cizikas wins face-off versus Denis Malgin in KANSAS CITY KILLERBEES zone.
7:29 of 1st period - Shot by Mikko Rantanen.
7:29 of 1st period - Stopped by John Gibson without a rebound.
7:30 of 1st period - Filip Chytil wins face-off versus Sean Couturier in KANSAS CITY KILLERBEES zone.
7:30 of 1st period - Filip Chytil is hit by Jacob Muzzin.
8:29 of 1st period - Off-side.
8:30 of 1st period - Matthew Calvert wins face-off versus Paul Stastny in neutral zone.
8:36 of 1st period - Off-side.
8:37 of 1st period - Paul Stastny wins face-off versus Mikko Rantanen in neutral zone.
8:40 of 1st period - Shot by Alexander DeBrincat.
8:40 of 1st period - Shot Misses the Net.
8:54 of 1st period - Shot by Dylan Larkin.
8:54 of 1st period - Deflect By Mitchell Marner.
8:54 of 1st period - Shot Misses the Net.
8:56 of 1st period - Shot by Mikko Rantanen.
8:56 of 1st period - Stopped by John Gibson without a rebound.
8:57 of 1st period - Charlie Coyle wins face-off versus Matthew Calvert in KANSAS CITY KILLERBEES zone.
8:57 of 1st period - Mattias Janmark is hit by Mathew Barzal and loses puck.
9:02 of 1st period - Shot by Mathew Barzal.
9:02 of 1st period - Shot Misses the Net.
9:46 of 1st period - Charlie Coyle is hit by Matthew Calvert and loses puck.
9:54 of 1st period - Icing by Calvin De Haan.
9:55 of 1st period - Casey Cizikas wins face-off versus Mattias Janmark in KANSAS CITY KILLERBEES zone.
10:12 of 1st period - Shot by Casey Cizikas.
10:12 of 1st period - Shot Blocked by Calvin De Haan.
10:20 of 1st period - Shot by Casey Cizikas.
10:20 of 1st period - Shot Misses the Net.
10:24 of 1st period - Shot by Casey Cizikas.
10:24 of 1st period - Stopped by John Gibson without a rebound.
10:25 of 1st period - Paul Stastny wins face-off versus Mikko Rantanen in KANSAS CITY KILLERBEES zone.
10:42 of 1st period - Shot by Mitchell Marner.
10:42 of 1st period - Deflect By Mikko Rantanen.
10:42 of 1st period - Stopped by John Gibson without a rebound.
10:43 of 1st period - Sean Couturier wins face-off versus Filip Chytil in KANSAS CITY KILLERBEES zone.
10:43 of 1st period - Sean Couturier is hit by Trevor Lewis.
10:55 of 1st period - Sean Couturier is hit by Anthony DeAngelo and loses puck.
11:07 of 1st period - Icing by Kyle Clifford.
11:08 of 1st period - Filip Chytil wins face-off versus Paul Stastny in SALEM BLACK JAYS zone.
11:08 of 1st period - Filip Chytil is hit by Mark Stone.
11:24 of 1st period - Shot by Paul Stastny.
11:24 of 1st period - Stopped by Mike Smith without a rebound.
11:25 of 1st period - Ryan Kesler wins face-off versus Mikko Rantanen in SALEM BLACK JAYS zone.
11:46 of 1st period - Shot by Mitchell Marner.
11:46 of 1st period - Stopped by John Gibson with a rebound.
11:48 of 1st period - Shot by Dylan Larkin.
11:48 of 1st period - Shot Blocked by Ryan Kesler.
11:50 of 1st period - Shot by Dylan Larkin.
11:50 of 1st period - Stopped by John Gibson without a rebound.
11:51 of 1st period - Paul Stastny wins face-off versus Matthew Calvert in KANSAS CITY KILLERBEES zone.
11:56 of 1st period - Cody Ceci is hit by Paul Stastny and loses puck.
12:34 of 1st period - Shot by Mathew Barzal.
12:34 of 1st period - Stopped by John Gibson without a rebound.
12:35 of 1st period - Casey Cizikas wins face-off versus Sean Couturier in KANSAS CITY KILLERBEES zone.
12:40 of 1st period - Shot by Trevor Lewis.
12:40 of 1st period - Stopped by John Gibson without a rebound.
12:41 of 1st period - Casey Cizikas wins face-off versus Sean Couturier in KANSAS CITY KILLERBEES zone.
13:01 of 1st period - Shot by Sean Couturier.
13:01 of 1st period - Stopped by Mike Smith without a rebound.
13:02 of 1st period - Mikko Rantanen wins face-off versus Alexander DeBrincat in SALEM BLACK JAYS zone.
14:31 of 1st period - Shot by Artturi Lehkonen.
14:31 of 1st period - Shot Misses the Net.
14:59 of 1st period - Shot by Filip Chytil.
14:59 of 1st period - Deflect By Trevor Lewis.
14:59 of 1st period - Stopped by John Gibson without a rebound.
15:00 of 1st period - Charlie Coyle wins face-off versus Filip Chytil in KANSAS CITY KILLERBEES zone.
15:13 of 1st period - Shot by Charlie Coyle.
15:13 of 1st period - Shot Misses the Net.
15:40 of 1st period - Shot by Charlie Coyle.
15:40 of 1st period - Shot Misses the Net.
15:42 of 1st period - Shot by Peter Cehlarik.
15:42 of 1st period - Stopped by Mike Smith without a rebound.
15:43 of 1st period - Paul Stastny wins face-off versus Mikko Rantanen in SALEM BLACK JAYS zone.
15:57 of 1st period - Mark Stone is hit by Dylan Larkin.
16:00 of 1st period - Alexander DeBrincat is hit by Mitchell Marner and loses puck.
16:09 of 1st period - Shot by Mitchell Marner.
16:09 of 1st period - Shot Misses the Net.
16:10 of 1st period - Minor Penalty to Dylan DeMelo for Hooking.
16:11 of 1st period - Ryan Kesler wins face-off versus Mikko Rantanen in KANSAS CITY KILLERBEES zone.
16:30 of 1st period - Shot by Anthony DeAngelo.
16:30 of 1st period - Shot Misses the Net.
17:24 of 1st period - Shot by Mitchell Marner.
17:24 of 1st period - Shot Misses the Net.
17:26 of 1st period - Shot by Par Lindholm.
17:26 of 1st period - Stopped by John Gibson without a rebound.
17:27 of 1st period - Ryan Kesler wins face-off versus Par Lindholm in KANSAS CITY KILLERBEES zone.
17:44 of 1st period - Shot by Dylan Larkin.
17:44 of 1st period - Shot Misses the Net.
17:57 of 1st period - Icing by Mitchell Marner.
17:58 of 1st period - Mitchell Marner wins face-off versus Ryan Kesler in SALEM BLACK JAYS zone.
18:05 of 1st period - Calvin De Haan is hit by Dylan Larkin and loses puck.
18:27 of 1st period - Casey Cizikas is hit by Colin Miller and loses puck.
18:57 of 1st period - Icing by Scott Mayfield.
18:58 of 1st period - Charlie Coyle wins face-off versus Casey Cizikas in SALEM BLACK JAYS zone.
19:17 of 1st period - Icing by Charlie Coyle.
19:18 of 1st period - Charlie Coyle wins face-off versus Matthew Calvert in KANSAS CITY KILLERBEES zone.
19:24 of 1st period - Icing by Charlie Coyle.
19:25 of 1st period - Charlie Coyle wins face-off versus Mitchell Marner in KANSAS CITY KILLERBEES zone.
19:31 of 1st period - Off-side.
19:32 of 1st period - Mikko Rantanen wins face-off versus Artturi Lehkonen in neutral zone.
19:57 of 1st period - Mikko Rantanen is hit by Calvin De Haan and loses puck.
19:59 of 1st period - Minor Penalty to Calvin De Haan for Interference.
Goals for this period are 0 for KANSAS CITY KILLERBEES vs 0 for SALEM BLACK JAYS.
Shots for this period are 4 for KANSAS CITY KILLERBEES vs 14 for SALEM BLACK JAYS.

2nd period


0:01 of 2nd period - Ryan Kesler wins face-off versus Mikko Rantanen in neutral zone.
0:18 of 2nd period - Shot by Joshua Morrissey.
0:18 of 2nd period - Shot Misses the Net.
0:24 of 2nd period - Shot by Joshua Morrissey.
0:24 of 2nd period - Stopped by John Gibson without a rebound.
0:25 of 2nd period - Charlie Coyle wins face-off versus Mitchell Marner in KANSAS CITY KILLERBEES zone.
0:33 of 2nd period - Icing by Mitchell Marner.
0:34 of 2nd period - Ryan Kesler wins face-off versus Mitchell Marner in SALEM BLACK JAYS zone.
0:55 of 2nd period - Shot by Mitchell Marner.
0:55 of 2nd period - Stopped by John Gibson without a rebound.
0:56 of 2nd period - Charlie Coyle wins face-off versus Mikko Rantanen in KANSAS CITY KILLERBEES zone.
0:56 of 2nd period - Peter Cehlarik is hit by Casey Cizikas and loses puck.
4:37 of 2nd period - Off-side.
4:38 of 2nd period - Paul Stastny wins face-off versus Mikko Rantanen in neutral zone.
4:43 of 2nd period - Icing by Mitchell Marner.
4:44 of 2nd period - Paul Stastny wins face-off versus Mitchell Marner in SALEM BLACK JAYS zone.
4:49 of 2nd period - Shot by Alexander DeBrincat.
4:49 of 2nd period - Shot Blocked by Adam Larsson.
5:08 of 2nd period - Icing by Colin Miller.
5:09 of 2nd period - Paul Stastny wins face-off versus Matthew Calvert in KANSAS CITY KILLERBEES zone.
5:11 of 2nd period - Icing by Alexander DeBrincat.
5:12 of 2nd period - Matthew Calvert wins face-off versus Alexander DeBrincat in KANSAS CITY KILLERBEES zone.
5:37 of 2nd period - Cody Ceci is hit by Paul Stastny and loses puck.
5:47 of 2nd period - Icing by Jan Rutta.
5:48 of 2nd period - Casey Cizikas wins face-off versus Paul Stastny in KANSAS CITY KILLERBEES zone.
7:20 of 2nd period - Icing by Jacob Muzzin.
7:21 of 2nd period - Charlie Coyle wins face-off versus Mikko Rantanen in KANSAS CITY KILLERBEES zone.
7:36 of 2nd period - Shot by Peter Cehlarik.
7:36 of 2nd period - Goal by Peter Cehlarik - KANSAS CITY KILLERBEES : 1 - SALEM BLACK JAYS : 0.
7:37 of 2nd period - Ryan Kesler wins face-off versus Par Lindholm in neutral zone.
9:02 of 2nd period - Shot by Trevor Lewis.
9:02 of 2nd period - Deflect By Kyle Clifford.
9:02 of 2nd period - Shot Blocked by Cam Fowler.
9:27 of 2nd period - Icing by Dylan DeMelo.
9:28 of 2nd period - Mikko Rantanen wins face-off versus Sean Couturier in KANSAS CITY KILLERBEES zone.
11:08 of 2nd period - Shot by Alexander DeBrincat.
11:08 of 2nd period - Stopped by Mike Smith without a rebound.
11:09 of 2nd period - Matthew Calvert wins face-off versus Paul Stastny in SALEM BLACK JAYS zone.
11:20 of 2nd period - Shot by Mathew Barzal.
11:20 of 2nd period - Shot Misses the Net.
11:22 of 2nd period - Shot by Joshua Morrissey.
11:22 of 2nd period - Stopped by John Gibson without a rebound.
11:23 of 2nd period - Sean Couturier wins face-off versus Filip Chytil in KANSAS CITY KILLERBEES zone.
11:37 of 2nd period - Shot by Filip Chytil.
11:37 of 2nd period - Stopped by John Gibson with a rebound.
11:45 of 2nd period - Shot by Trevor Lewis.
11:45 of 2nd period - Stopped by John Gibson without a rebound.
11:46 of 2nd period - Matthew Calvert wins face-off versus Paul Stastny in KANSAS CITY KILLERBEES zone.
11:47 of 2nd period - Shot by Joshua Morrissey.
11:47 of 2nd period - Shot Misses the Net.
12:10 of 2nd period - Shot by Mathew Barzal.
12:10 of 2nd period - Stopped by John Gibson with a rebound.
12:22 of 2nd period - Shot by Mathew Barzal.
12:22 of 2nd period - Shot Blocked by Calvin De Haan.
12:46 of 2nd period - Artturi Lehkonen is hit by Matthew Calvert and loses puck.
12:54 of 2nd period - Minor Penalty to Kyle Clifford for Holding.
12:55 of 2nd period - Sean Couturier wins face-off versus Casey Cizikas in SALEM BLACK JAYS zone.
13:08 of 2nd period - Shot by Charlie Coyle.
13:08 of 2nd period - Stopped by Mike Smith without a rebound.
13:09 of 2nd period - Casey Cizikas wins face-off versus Sean Couturier in SALEM BLACK JAYS zone.
14:23 of 2nd period - Icing by Cam Fowler.
14:24 of 2nd period - Par Lindholm wins face-off versus Paul Stastny in KANSAS CITY KILLERBEES zone.
14:25 of 2nd period - Shot by Mikko Rantanen.
14:25 of 2nd period - Stopped by John Gibson without a rebound.
14:26 of 2nd period - Paul Stastny wins face-off versus Mikko Rantanen in KANSAS CITY KILLERBEES zone.
15:52 of 2nd period - Off-side.
15:53 of 2nd period - Sean Couturier wins face-off versus Mikko Rantanen in neutral zone.
16:04 of 2nd period - Shot by Sean Couturier.
16:04 of 2nd period - Shot Misses the Net.
16:48 of 2nd period - Off-side.
16:49 of 2nd period - Matthew Calvert wins face-off versus Charlie Coyle in neutral zone.
17:10 of 2nd period - Shot by Matthew Calvert.
17:10 of 2nd period - Stopped by John Gibson without a rebound.
17:11 of 2nd period - Paul Stastny wins face-off versus Filip Chytil in KANSAS CITY KILLERBEES zone.
17:30 of 2nd period - Shot by Paul Stastny.
17:30 of 2nd period - Shot Misses the Net.
17:32 of 2nd period - Shot by Paul Stastny.
17:32 of 2nd period - Shot Misses the Net.
17:37 of 2nd period - Paul Stastny is hit by Jason Demers and loses puck.
18:18 of 2nd period - Peter Cehlarik is hit by Dylan Larkin and loses puck.
18:30 of 2nd period - Icing by Joshua Morrissey.
18:31 of 2nd period - Sean Couturier wins face-off versus Mikko Rantanen in SALEM BLACK JAYS zone.
19:31 of 2nd period - Shot by Par Lindholm.
19:31 of 2nd period - Shot Misses the Net.
Goals for this period are 1 for KANSAS CITY KILLERBEES vs 0 for SALEM BLACK JAYS.
Shots for this period are 3 for KANSAS CITY KILLERBEES vs 8 for SALEM BLACK JAYS.

3rd period


0:01 of 3rd period - Paul Stastny wins face-off versus Mikko Rantanen in neutral zone.
0:27 of 3rd period - Shot by Paul Stastny.
0:27 of 3rd period - Shot Misses the Net.
0:29 of 3rd period - Shot by Colin Miller.
0:29 of 3rd period - Shot Misses the Net.
0:31 of 3rd period - Shot by Paul Stastny.
0:31 of 3rd period - Shot Misses the Net.
1:07 of 3rd period - Shot by Charlie Coyle.
1:07 of 3rd period - Stopped by Mike Smith without a rebound.
1:08 of 3rd period - Matthew Calvert wins face-off versus Sean Couturier in SALEM BLACK JAYS zone.
1:45 of 3rd period - Shot by Sean Couturier.
1:45 of 3rd period - Shot Hit the Post.
1:47 of 3rd period - Shot by Artturi Lehkonen.
1:47 of 3rd period - Stopped by Mike Smith without a rebound.
1:48 of 3rd period - Charlie Coyle wins face-off versus Mikko Rantanen in SALEM BLACK JAYS zone.
2:01 of 3rd period - Shot by Mitchell Marner.
2:01 of 3rd period - Shot Blocked by Dylan DeMelo.
2:03 of 3rd period - Shot by Dylan Larkin.
2:03 of 3rd period - Shot Misses the Net.
2:05 of 3rd period - Shot by Mikko Rantanen.
2:05 of 3rd period - Stopped by John Gibson without a rebound.
2:06 of 3rd period - Paul Stastny wins face-off versus Filip Chytil in KANSAS CITY KILLERBEES zone.
3:16 of 3rd period - Shot by Dylan Larkin.
3:16 of 3rd period - Shot Blocked by Calvin De Haan.
3:56 of 3rd period - Shot by Mitchell Marner.
3:56 of 3rd period - Deflect By Mikko Rantanen.
3:56 of 3rd period - Shot Misses the Net.
4:29 of 3rd period - Shot by Sean Couturier.
4:29 of 3rd period - Stopped by Mike Smith without a rebound.
4:30 of 3rd period - Paul Stastny wins face-off versus Casey Cizikas in SALEM BLACK JAYS zone.
4:55 of 3rd period - Shot by Casey Cizikas.
4:55 of 3rd period - Stopped by John Gibson with a rebound.
5:01 of 3rd period - Shot by Mikko Rantanen.
5:01 of 3rd period - Shot Blocked by Mark Stone.
5:03 of 3rd period - Shot by Casey Cizikas.
5:03 of 3rd period - Shot Misses the Net.
5:28 of 3rd period - Shot by Sean Couturier.
5:28 of 3rd period - Stopped by Mike Smith without a rebound.
5:29 of 3rd period - Dylan Larkin wins face-off versus Sean Couturier in SALEM BLACK JAYS zone.
5:36 of 3rd period - Shot by Mitchell Marner.
5:36 of 3rd period - Goal by Mitchell Marner - KANSAS CITY KILLERBEES : 1 - SALEM BLACK JAYS : 1.
5:37 of 3rd period - Matthew Calvert wins face-off versus Sean Couturier in neutral zone.
5:46 of 3rd period - Minor Penalty to Mathew Barzal for Interference.
5:47 of 3rd period - Casey Cizikas wins face-off versus Paul Stastny in SALEM BLACK JAYS zone.
6:30 of 3rd period - Shot by Paul Stastny.
6:30 of 3rd period - Stopped by Mike Smith without a rebound.
6:31 of 3rd period - Sean Couturier wins face-off versus Mikko Rantanen in SALEM BLACK JAYS zone.
6:32 of 3rd period - Shot by Colin Miller.
6:32 of 3rd period - Shot Misses the Net.
6:54 of 3rd period - Minor Penalty to Charlie Coyle for Hooking.
6:55 of 3rd period - Paul Stastny wins face-off versus Par Lindholm in KANSAS CITY KILLERBEES zone.
7:00 of 3rd period - Shot by Mark Stone.
7:00 of 3rd period - Shot Misses the Net.
7:22 of 3rd period - Shot by Paul Stastny.
7:22 of 3rd period - Stopped by Mike Smith without a rebound.
7:23 of 3rd period - Trevor Lewis wins face-off versus Alexander DeBrincat in SALEM BLACK JAYS zone.
7:57 of 3rd period - Shot by Mitchell Marner.
7:57 of 3rd period - Deflect By Dylan Larkin.
7:57 of 3rd period - Shot Misses the Net.
7:59 of 3rd period - Shot by Par Lindholm.
7:59 of 3rd period - Shot Blocked by Dylan DeMelo.
8:01 of 3rd period - Shot by Mitchell Marner.
8:01 of 3rd period - Goal by Mitchell Marner - KANSAS CITY KILLERBEES : 1 - SALEM BLACK JAYS : 2.
8:02 of 3rd period - Charlie Coyle wins face-off versus Mikko Rantanen in neutral zone.
8:53 of 3rd period - Icing by Cam Fowler.
8:54 of 3rd period - Sean Couturier wins face-off versus Filip Chytil in KANSAS CITY KILLERBEES zone.
8:59 of 3rd period - Shot by Trevor Lewis.
8:59 of 3rd period - Shot Misses the Net.
9:01 of 3rd period - Shot by Joshua Morrissey.
9:01 of 3rd period - Stopped by John Gibson without a rebound.
9:02 of 3rd period - Sean Couturier wins face-off versus Matthew Calvert in KANSAS CITY KILLERBEES zone.
10:16 of 3rd period - Icing by Dylan DeMelo.
10:17 of 3rd period - Sean Couturier wins face-off versus Mikko Rantanen in KANSAS CITY KILLERBEES zone.
10:17 of 3rd period - Artturi Lehkonen is hit by Mikko Rantanen and loses puck.
10:39 of 3rd period - Minor Penalty to Michal Kempny for Tripping.
10:40 of 3rd period - Paul Stastny wins face-off versus Casey Cizikas in SALEM BLACK JAYS zone.
11:10 of 3rd period - Shot by Paul Stastny.
11:10 of 3rd period - Deflect By Alexander DeBrincat.
11:10 of 3rd period - Stopped by Mike Smith without a rebound.
11:11 of 3rd period - Mikko Rantanen wins face-off versus Sean Couturier in SALEM BLACK JAYS zone.
11:21 of 3rd period - Icing by Sean Couturier.
11:22 of 3rd period - Mikko Rantanen wins face-off versus Sean Couturier in KANSAS CITY KILLERBEES zone.
12:17 of 3rd period - Shot by Paul Stastny.
12:17 of 3rd period - Stopped by Mike Smith without a rebound.
12:18 of 3rd period - Paul Stastny wins face-off versus Casey Cizikas in SALEM BLACK JAYS zone.
13:13 of 3rd period - Icing by Colin Miller.
13:14 of 3rd period - Ryan Kesler wins face-off versus Mikko Rantanen in KANSAS CITY KILLERBEES zone.
13:14 of 3rd period - Ryan Kesler is hit by Mikko Rantanen.
13:48 of 3rd period - Jacob Muzzin is hit by Dylan Larkin and loses puck.
14:09 of 3rd period - Paul Stastny is hit by Dylan Larkin and loses puck.
14:46 of 3rd period - Off-side.
14:47 of 3rd period - Filip Chytil wins face-off versus Charlie Coyle in neutral zone.
14:52 of 3rd period - Shot by Michal Kempny.
14:52 of 3rd period - Stopped by John Gibson with a rebound.
14:54 of 3rd period - Shot by Michal Kempny.
14:54 of 3rd period - Shot Misses the Net.
14:56 of 3rd period - Shot by Michal Kempny.
14:56 of 3rd period - Shot Misses the Net.
15:21 of 3rd period - Shot by Charlie Coyle.
15:21 of 3rd period - Shot Misses the Net.
17:03 of 3rd period - Shot by Mitchell Marner.
17:03 of 3rd period - Stopped by John Gibson with a rebound.
17:12 of 3rd period - Cam Fowler is hit by Adam Larsson and loses puck.
17:21 of 3rd period - Shot by Ryan Kesler.
17:21 of 3rd period - Stopped by Mike Smith without a rebound.
17:22 of 3rd period - Paul Stastny wins face-off versus Filip Chytil in SALEM BLACK JAYS zone.
17:30 of 3rd period - Alexander DeBrincat is hit by Jason Demers and loses puck.
17:51 of 3rd period - Shot by Mark Stone.
17:51 of 3rd period - Stopped by Mike Smith without a rebound.
17:52 of 3rd period - Peter Cehlarik wins face-off versus Matthew Calvert in SALEM BLACK JAYS zone.
17:56 of 3rd period - Mattias Janmark is hit by Joshua Morrissey and loses puck.
18:13 of 3rd period - Shot by Mathew Barzal.
18:13 of 3rd period - Stopped by John Gibson without a rebound.
18:14 of 3rd period - Mikko Rantanen wins face-off versus Sean Couturier in KANSAS CITY KILLERBEES zone.
18:15 of 3rd period - Shot by Dylan Larkin.
18:15 of 3rd period - Stopped by John Gibson without a rebound.
18:16 of 3rd period - Sean Couturier wins face-off versus Casey Cizikas in KANSAS CITY KILLERBEES zone.
18:38 of 3rd period - Minor Penalty to Jan Rutta for Cross-checking.
18:39 of 3rd period - Ryan Kesler wins face-off versus Mitchell Marner in KANSAS CITY KILLERBEES zone.
Goals for this period are 0 for KANSAS CITY KILLERBEES vs 2 for SALEM BLACK JAYS.
Shots for this period are 10 for KANSAS CITY KILLERBEES vs 9 for SALEM BLACK JAYS.


AUSTON
MATTHEWS
JOEL
ERIKSSON
MATHEW
BARZAL

EAST COAST

HOCKEY LEAGUE

  • 21.PIT7MAN3
  • 22.ATL3NHW4
  • 23.WOR5PET4
  • 24.3RHI4
  • 25.QUECHI
  • 26.CHALIM
  • 27.TRVLON
  • 28.CHWBAL